BUFFALO Sabres vs DETROIT Red Wings

Created - 11 avril 2024 at 22:56

Goals
1 2 3 T
BUFFALO Sabres 2 0 0 2
DETROIT Red Wings 3 0 0 3
Shots
1 2 3 T
BUFFALO Sabres 13 5 13 31
DETROIT Red Wings 13 6 16 35

1st period

1. DETROIT Red Wings , Zach Hyman 35 (Colton Parayko 59, Bryan Rust 46) at 4:02 (PP)
2. DETROIT Red Wings , Nikita Zadorov 14 (Bryan Rust 47, Sidney Crosby 61) at 8:07
3. BUFFALO Sabres , Filip Hronek 12 (Tage Thompson 34, Valeri Nichushkin 40) at 16:44 (PP)
4. DETROIT Red Wings , Shayne Gostisbehere 19 (Alex Ovechkin 33, Ryan O'Reilly 45) at 18:57
5. BUFFALO Sabres , Nick Bjugstad 7 (Filip Hronek 45, Ryan Graves 48) at 19:14

Penalties :
Shayne Gostisbehere (DET) for Interference (Minor) at 0:58, Mason McTavish (BUF) for Interference (Minor) at 3:30, Josh Anderson (DET) for Roughing (Minor) at 8:11, Colton Parayko (DET) for Tripping (Minor) at 15:07, Nikita Zadorov (DET) for Delaying the game (Minor) at 16:49

2nd period

No Goal

Penalties :
Patrick Kane (BUF) for Diving (Minor) at 0:19, Jesper Bratt (BUF) for Holding (Minor) at 4:35, Seth Jones (DET) for Slashing (Minor) at 9:25, Nick Bjugstad (BUF) for Roughing (Minor) at 11:57

3rd period

No Goal

Penalties :
Jonas Brodin (BUF) for Interference (Minor) at 0:09, Nico Hischier (BUF) for Hooking (Minor) at 3:30, Josh Anderson (DET) for Roughing (Minor) at 7:05, Zach Hyman (DET) for Roughing (Minor) at 14:41

Goalie Stats

Igor Shesterkin (BUF), 32 saves from 35 shots - (0,914), L, 49-23-2, 60:00 minutes
John Gibson (DET), 29 saves from 31 shots - (0,935), W, 41-25-10, 60:00 minutes

Players Stats for BUFFALO Sabres

Player Name              G  A  P  +/- PIM S  H  SB GA TA FO     MP     PP MP  PK MP  
------------------------------------------------------------------------------------
Alex Tuch                0  0  0   0  0   2  2  0  0  0  0/1    22:51   6:02   3:01 
Brett Kulak              0  0  0  -1  0   0  1  1  0  0  0/0    15:14   0:00   3:45 
Curtis Lazar             0  0  0   0  0   0  1  0  0  0  1/2     7:39   0:00   1:15 
Filip Hronek             1  1  2   1  0   3  2  1  0  0  0/0    18:13   5:33   0:00 
Ivan Provorov            0  0  0  -1  0   3  1  0  0  0  0/0    26:47   7:58   6:56 
Jack Eichel              0  0  0   0  0   2  0  0  0  0  12/22  19:44   5:56   0:00 
Jakob Chychrun           0  0  0  -1  0   0  1  0  0  0  0/0    11:52   0:00   0:23 
Jesper Bratt             0  0  0  -1  2   3  1  0  0  0  0/0    18:14   7:15   0:00 
Jonas Brodin             0  0  0  -1  2   2  3  1  0  0  0/0    25:10   7:58   5:20 
Logan O'Connor           0  0  0   0  0   1  1  1  0  0  0/0    12:16   0:00   7:26 
Mason McTavish           0  0  0   0  2   0  0  0  0  0  0/0     6:23   0:00   0:00 
Nick Bjugstad            1  0  1   0  2   2  0  0  0  0  7/16    9:40   0:00   3:17 
Nico Hischier            0  0  0  -1  2   5  3  0  0  0  20/41  24:29   7:35   5:55 
Patrick Kane             0  0  0   0  2   0  1  0  0  0  0/1    13:47   0:00   0:00 
Ryan Graves              0  1  1   1  0   3  0  1  0  0  0/0    22:43   5:33   4:30 
Seth Jarvis              0  0  0   0  0   2  1  0  0  0  0/0     4:50   0:00   0:00 
Tage Thompson            0  1  1   0  0   0  2  0  0  0  6/10   11:35   6:16   0:00 
Valeri Nichushkin        0  1  1  -1  0   3  0  0  0  0  0/2    18:00   7:29   0:00 

Players Stats for DETROIT Red Wings

Player Name              G  A  P  +/- PIM S  H  SB GA TA FO     MP     PP MP  PK MP  
------------------------------------------------------------------------------------
Alex Ovechkin            0  1  1   1  0   3  4  0  0  0  0/1    17:56   4:59   0:00 
Bryan Rust               0  2  2   0  0   3  3  0  0  0  0/1    17:58   5:28   0:00 
Colton Parayko           0  1  1  -1  2   3  4  3  0  0  0/0    24:50   5:52   4:57 
Corey Perry              0  0  0   0  0   0  0  0  0  0  0/0     6:49   0:00   0:00 
Danton Heinen            0  0  0   0  0   0  1  0  0  0  0/0     3:46   0:00   0:00 
Jeff Petry               0  0  0   0  0   0  1  0  0  0  0/0    16:12   4:35   2:22 
Josh Anderson            0  0  0   1  4   3  4  1  0  0  1/2    17:25   4:59   0:00 
Kevin Hayes              0  0  0   0  0   3  1  0  0  0  13/27  13:34   0:00   6:54 
Luke Glendening          0  0  0   0  0   0  0  0  0  0  7/14   10:23   0:00   6:37 
Nikita Zadorov           1  0  1   2  2   2  1  3  0  0  0/0    18:53   0:00   6:09 
Ryan O'Reilly            0  1  1   1  0   1  0  2  0  0  11/18  17:27   4:59   0:00 
Seth Jones               0  0  0  -1  2   1  5  0  0  0  0/0    25:39   5:52   5:46 
Shayne Gostisbehere      1  0  1   2  2   4  1  0  0  0  0/0    17:53   4:35   0:34 
Sidney Crosby            0  1  1   0  0   7  1  0  0  0  16/31  18:36   5:28   0:00 
T.J. Brodie              0  0  0   0  0   2  0  3  0  0  0/0    16:29   0:00   7:14 
Travis Boyd              0  0  0   0  0   0  0  1  0  0  0/0    13:34   0:00   6:54 
Trevor Lewis             0  0  0   0  0   1  2  0  0  0  0/0    10:23   0:00   6:37 
Zach Hyman               1  0  1   0  2   2  0  0  0  0  1/1    18:35   5:28   0:00 

3 Stars

1 - Filip Hronek (BUF)
2 - Nikita Zadorov (DET)
3 - Bryan Rust (DET)

Power Play

BUFFALO Sabres - 1 on 7 Attempt(s) - 14,29%
DETROIT Red Wings - 1 on 6 Attempt(s) - 16,67%

Penalty Kill

BUFFALO Sabres - 5 on 6 Attempt(s) - 83,33% - Score 0 goal in Penalty Kill
DETROIT Red Wings - 6 on 7 Attempt(s) - 85,71% - Score 0 goal in Penalty Kill

Team Stat

BUFFALO Sabres - Hits : 20 - Faceoff Wins : 46 - Blocked Shots : 5 - Penalty Minutes : 12
DETROIT Red Wings - Hits : 28 - Faceoff Wins : 49 - Blocked Shots : 13 - Penalty Minutes : 14

Official

Referees : Shauna Neary and Cody Beach
Linesman : Veronica Lovensno and Kendall Hanley

Game Notes

No Game Note

Finance

Level 1 -- Attendance: 4712 (78,53%) -- Ticket Income $466,488
Level 2 -- Attendance: 4068 (81,36%) -- Ticket Income $240,012
Level 3 -- Attendance: 2000 (100,00%) -- Ticket Income $74,000
Level 4 -- Attendance: 4000 (100,00%) -- Ticket Income $60,000
Luxury Box -- Attendance: 837 (83,70%) -- Ticket Income $174,096
Game was played at the Joe Louis Arena.
Total Attendance: 15617 (86,76%)
Total Ticket Income: $1,014,596
Other Income: $253,649
Total Income: $1,268,245

BUFFALO Sabres

5 vs 5 Forward 
   Center                   Left Wing                Right Wing               Time % Phy DF OF 
 1 Jack Eichel              Alex Tuch                Patrick Kane             37     0   2  3  
 2 Nico Hischier            Valeri Nichushkin        Jesper Bratt             33     0   2  3  
 3 Tage Thompson            Seth Jarvis              Logan O'Connor           20     1   2  2  
 4 Nick Bjugstad            Mason McTavish           Curtis Lazar             10     1   2  2  

5 vs 5 Defense 
   Defense                  Defense                                           Time % Phy DF OF 
 1 Ivan Provorov            Jonas Brodin                                      40     1   2  2  
 2 Ryan Graves              Filip Hronek                                      30     1   2  2  
 3 Jakob Chychrun           Brett Kulak                                       20     1   3  1  
 4 Ivan Provorov            Jonas Brodin                                      10     1   3  1  

PowerPlay Forward 
   Center                   Left Wing                Right Wing               Time % Phy DF OF 
 1 Nico Hischier            Alex Tuch                Jesper Bratt             60     1   2  2  
 2 Jack Eichel              Valeri Nichushkin        Tage Thompson            40     1   2  2  

PowerPlay Defense
   Defense                  Defense                                           Time % Phy DF OF 
 1 Ivan Provorov            Jonas Brodin                                      60     1   2  2  
 2 Ryan Graves              Filip Hronek                                      40     1   2  2  

Penalty Kill 4 Players Forward 
   Center                   Wing                     Time % Phy DF OF 
 1 Nico Hischier            Logan O'Connor           60     1   2  2  
 2 Nick Bjugstad            Alex Tuch                40     1   2  2  

Penalty Kill 4 Players Defense
   Defense                  Defense                  Time % Phy DF OF 
 1 Ivan Provorov            Jonas Brodin             60     1   2  2  
 2 Brett Kulak              Ryan Graves              40     1   2  2  

Penalty Kill - 3 Players Forward 
   Forward                                           Time % Phy DF OF 
 1 Nico Hischier                                     60     1   2  2  
 2 Nick Bjugstad                                     40     1   2  2  

Penalty Kill - 3 Players Defense
   Defense                  Defense                  Time % Phy DF OF 
 1 Ivan Provorov            Jonas Brodin             60     1   2  2  
 2 Brett Kulak              Ryan Graves              40     1   2  2  

4 vs 4 Forward 
   Center                   Wing                     Time % Phy DF OF 
 1 Nico Hischier            Tage Thompson            60     1   2  2  
 2 Jack Eichel              Jesper Bratt             40     1   2  2  

4 vs 4 Defense
   Defense                  Defense                  Time % Phy DF OF 
 1 Ivan Provorov            Jonas Brodin             60     1   2  2  
 2 Ryan Graves              Filip Hronek             40     1   2  2  

Last Minutes Offensive
   Center                   Left Wing                Right Wing               Defense                  Defense                  
   Nico Hischier            Alex Tuch                Jesper Bratt             Ivan Provorov            Jonas Brodin             

Last Minutes Defensive
   Center                   Left Wing                Right Wing               Defense                  Defense                  
   Nico Hischier            Logan O'Connor           Nick Bjugstad            Ivan Provorov            Jonas Brodin             

Goaltenders
Starting : Igor Shesterkin          
Backup : Connor Ingram            

Extra Forwards
Normal : Jack Eichel, Nico Hischier, Tage Thompson - PP : Jack Eichel, Nico Hischier - PK : Nico Hischier
Extra Defensemen
Normal : Ivan Provorov, Jonas Brodin, Jakob Chychrun - PP : Ivan Provorov - PK : Ryan Graves, Jonas Brodin
Penalty Shots
Nico Hischier, Tage Thompson, Alex Tuch, Jesper Bratt, Jack Eichel

Scratches
Henri Jokiharju (Healthy)

DETROIT Red Wings

5 vs 5 Forward 
   Center                   Left Wing                Right Wing               Time % Phy DF OF 
 1 Sidney Crosby            Bryan Rust               Zach Hyman               38     0   2  3  
 2 Ryan O'Reilly            Alex Ovechkin            Josh Anderson            36     0   2  3  
 3 Kevin Hayes              Corey Perry              Travis Boyd              16     0   3  2  
 4 Luke Glendening          Danton Heinen            Trevor Lewis             10     0   4  1  

5 vs 5 Defense 
   Defense                  Defense                                           Time % Phy DF OF 
 1 Seth Jones               Colton Parayko                                    35     1   2  2  
 2 Shayne Gostisbehere      Nikita Zadorov                                    34     1   2  2  
 3 Jeff Petry               T.J. Brodie                                       25     1   3  1  
 4 Seth Jones               Colton Parayko                                    6      1   2  2  

PowerPlay Forward 
   Center                   Left Wing                Right Wing               Time % Phy DF OF 
 1 Sidney Crosby            Bryan Rust               Zach Hyman               50     0   1  4  
 2 Ryan O'Reilly            Alex Ovechkin            Josh Anderson            50     0   1  4  

PowerPlay Defense
   Defense                  Defense                                           Time % Phy DF OF 
 1 Seth Jones               Colton Parayko                                    60     0   1  4  
 2 Shayne Gostisbehere      Jeff Petry                                        40     0   1  4  

Penalty Kill 4 Players Forward 
   Center                   Wing                     Time % Phy DF OF 
 1 Kevin Hayes              Travis Boyd              51     1   4  0  
 2 Luke Glendening          Trevor Lewis             49     1   4  0  

Penalty Kill 4 Players Defense
   Defense                  Defense                  Time % Phy DF OF 
 1 Nikita Zadorov           T.J. Brodie              51     1   4  0  
 2 Seth Jones               Colton Parayko           49     1   4  0  

Penalty Kill - 3 Players Forward 
   Forward                                           Time % Phy DF OF 
 1 Ryan O'Reilly                                     51     0   4  1  
 2 Luke Glendening                                   49     0   4  1  

Penalty Kill - 3 Players Defense
   Defense                  Defense                  Time % Phy DF OF 
 1 Nikita Zadorov           T.J. Brodie              51     0   4  1  
 2 Seth Jones               Colton Parayko           49     0   4  1  

4 vs 4 Forward 
   Center                   Wing                     Time % Phy DF OF 
 1 Sidney Crosby            Zach Hyman               60     0   2  3  
 2 Ryan O'Reilly            Alex Ovechkin            40     0   2  3  

4 vs 4 Defense
   Defense                  Defense                  Time % Phy DF OF 
 1 Seth Jones               Colton Parayko           60     0   2  3  
 2 Shayne Gostisbehere      Jeff Petry               40     0   2  3  

Last Minutes Offensive
   Center                   Left Wing                Right Wing               Defense                  Defense                  
   Sidney Crosby            Alex Ovechkin            Zach Hyman               Seth Jones               Colton Parayko           

Last Minutes Defensive
   Center                   Left Wing                Right Wing               Defense                  Defense                  
   Sidney Crosby            Alex Ovechkin            Zach Hyman               Seth Jones               Colton Parayko           

Goaltenders
Starting : John Gibson              
Backup : Calvin Pickard           

Extra Forwards
Normal : Corey Perry, Kevin Hayes, Trevor Lewis - PP : Corey Perry, Kevin Hayes - PK : Trevor Lewis
Extra Defensemen
Normal : Shayne Gostisbehere, Nikita Zadorov, Jeff Petry - PP : Shayne Gostisbehere - PK : T.J. Brodie, Jeff Petry
Penalty Shots
Sidney Crosby, Alex Ovechkin, Zach Hyman, Bryan Rust, Ryan O'Reilly

Scratches
Dakota Joshua (Healthy), Josh Archibald (Healthy), Zach Whitecloud (Healthy)

% Time on Ice - BUFFALO Sabres

Lines # - Real PCT - Wanted PCT - Time Play
Normal Forward
1 - 39% - 37% - 13:48
2 - 30% - 33% - 10:31
3 - 14% - 20% - 4:50
4 - 18% - 10% - 6:24
Normal Defense
1 - 33% - 40% - 11:53
2 - 36% - 30% - 12:40
3 - 31% - 20% - 11:00
4 - 0% - 10% - 0:00
PP Forward
1 - 54% - 60% - 7:15
2 - 46% - 40% - 6:16
PP Defense
1 - 59% - 60% - 7:58
2 - 41% - 40% - 5:33
PK Forward
1 - 78% - 60% - 8:08
2 - 22% - 40% - 2:19
PK Defense
1 - 70% - 60% - 7:19
2 - 30% - 40% - 3:08
PK3 Forward
1 - 0% - 60%
2 - 0% - 40%
PK3 Defense
1 - 0% - 60%
2 - 0% - 40%
44 Forward
1 - 0% - 60%
2 - 0% - 40%
44 Defense
1 - 0% - 60%
2 - 0% - 40%
Last Minute Offensive  - 0:29
Last Minute Defensive  - 0:00
Total
Forward - 60:00
Defense - 60:00

% Time on Ice - DETROIT Red Wings

Lines # - Real PCT - Wanted PCT - Time Play
Normal Forward
1 - 35% - 38% - 12:30
2 - 35% - 36% - 12:28
3 - 19% - 16% - 6:40
4 - 11% - 10% - 3:46
Normal Defense
1 - 38% - 35% - 13:24
2 - 36% - 34% - 12:45
3 - 26% - 25% - 9:15
4 - 0% - 6% - 0:00
PP Forward
1 - 52% - 50% - 5:28
2 - 48% - 50% - 4:59
PP Defense
1 - 56% - 60% - 5:52
2 - 44% - 40% - 4:35
PK Forward
1 - 51% - 51% - 6:54
2 - 49% - 49% - 6:37
PK Defense
1 - 51% - 51% - 6:55
2 - 49% - 49% - 6:36
PK3 Forward
1 - 0% - 51%
2 - 0% - 49%
PK3 Defense
1 - 0% - 51%
2 - 0% - 49%
44 Forward
1 - 0% - 60%
2 - 0% - 40%
44 Defense
1 - 0% - 60%
2 - 0% - 40%
Last Minute Offensive  - 0:00
Last Minute Defensive  - 0:38
Total
Forward - 60:00
Defense - 60:00

Play-by-Play

1st period


0:01 of 1st period - Sidney Crosby wins face-off versus Patrick Kane in neutral zone.
0:36 of 1st period - Sidney Crosby is hit by Jonas Brodin and loses puck.
0:43 of 1st period - Shot by Sidney Crosby.
0:43 of 1st period - Stopped by Igor Shesterkin without a rebound.
0:44 of 1st period - Ryan O'Reilly wins face-off versus Valeri Nichushkin in BUFFALO Sabres zone.
0:50 of 1st period - Ryan O'Reilly is hit by Filip Hronek and loses puck.
0:58 of 1st period - Minor Penalty to Shayne Gostisbehere for Interference.
0:59 of 1st period - Kevin Hayes wins face-off versus Nico Hischier in DETROIT Red Wings zone.
1:08 of 1st period - Shot by Jesper Bratt.
1:08 of 1st period - Stopped by John Gibson without a rebound.
1:09 of 1st period - Tage Thompson wins face-off versus Kevin Hayes in DETROIT Red Wings zone.
1:10 of 1st period - Shot by Jack Eichel.
1:10 of 1st period - Stopped by John Gibson without a rebound.
1:11 of 1st period - Kevin Hayes wins face-off versus Jack Eichel in DETROIT Red Wings zone.
1:40 of 1st period - Shot by Valeri Nichushkin.
1:40 of 1st period - Shot Blocked by T.J. Brodie.
2:20 of 1st period - Shot by Filip Hronek.
2:20 of 1st period - Stopped by John Gibson without a rebound.
2:21 of 1st period - Kevin Hayes wins face-off versus Nico Hischier in DETROIT Red Wings zone.
3:30 of 1st period - Minor Penalty to Mason McTavish for Interference.
3:31 of 1st period - Nico Hischier wins face-off versus Sidney Crosby in BUFFALO Sabres zone.
3:36 of 1st period - Shot by Zach Hyman.
3:36 of 1st period - Shot Misses the Net.
3:38 of 1st period - Shot by Sidney Crosby.
3:38 of 1st period - Shot Misses the Net.
4:00 of 1st period - Shot by Colton Parayko.
4:00 of 1st period - Shot Misses the Net.
4:02 of 1st period - Shot by Zach Hyman.
4:02 of 1st period - Goal by Zach Hyman - BUFFALO Sabres : 0 - DETROIT Red Wings : 1.
4:03 of 1st period - Jack Eichel wins face-off versus Alex Ovechkin in neutral zone.
4:16 of 1st period - Shot by Josh Anderson.
4:16 of 1st period - Shot Misses the Net.
4:18 of 1st period - Shot by Alex Ovechkin.
4:18 of 1st period - Stopped by Igor Shesterkin without a rebound.
4:19 of 1st period - Tage Thompson wins face-off versus Kevin Hayes in BUFFALO Sabres zone.
4:42 of 1st period - Shot by Seth Jarvis.
4:42 of 1st period - Stopped by John Gibson without a rebound.
4:43 of 1st period - Nico Hischier wins face-off versus Sidney Crosby in DETROIT Red Wings zone.
5:17 of 1st period - Nico Hischier is hit by Colton Parayko and loses puck.
5:22 of 1st period - Shot by Nico Hischier.
5:22 of 1st period - Shot Misses the Net.
5:55 of 1st period - Shot by Alex Tuch.
5:55 of 1st period - Shot Blocked by Nikita Zadorov.
6:19 of 1st period - Shot by Alex Ovechkin.
6:19 of 1st period - Stopped by Igor Shesterkin with a rebound.
6:49 of 1st period - Filip Hronek is hit by Trevor Lewis.
7:26 of 1st period - Icing by Ryan Graves.
7:27 of 1st period - Kevin Hayes wins face-off versus Jack Eichel in BUFFALO Sabres zone.
7:28 of 1st period - Shot by Travis Boyd.
7:28 of 1st period - Shot Misses the Net.
7:48 of 1st period - Shot by Kevin Hayes.
7:48 of 1st period - Stopped by Igor Shesterkin with a rebound.
7:50 of 1st period - Shot by Kevin Hayes.
7:50 of 1st period - Stopped by Igor Shesterkin without a rebound.
7:51 of 1st period - Nico Hischier wins face-off versus Sidney Crosby in BUFFALO Sabres zone.
7:55 of 1st period - Jesper Bratt is hit by Bryan Rust.
8:05 of 1st period - Shot by Bryan Rust.
8:05 of 1st period - Shot Misses the Net.
8:07 of 1st period - Shot by Nikita Zadorov.
8:07 of 1st period - Goal by Nikita Zadorov - BUFFALO Sabres : 0 - DETROIT Red Wings : 2.
8:08 of 1st period - Tage Thompson wins face-off versus Ryan O'Reilly in neutral zone.
8:10 of 1st period - Brett Kulak is hit by Josh Anderson and loses puck.
8:11 of 1st period - Minor Penalty to Josh Anderson for Roughing.
8:12 of 1st period - Nico Hischier wins face-off versus Kevin Hayes in DETROIT Red Wings zone.
8:37 of 1st period - Shot by Jesper Bratt.
8:37 of 1st period - Stopped by John Gibson without a rebound.
8:38 of 1st period - Tage Thompson wins face-off versus Luke Glendening in DETROIT Red Wings zone.
8:57 of 1st period - Shot by Nico Hischier.
8:57 of 1st period - Stopped by John Gibson without a rebound.
8:58 of 1st period - Nico Hischier wins face-off versus Kevin Hayes in DETROIT Red Wings zone.
9:13 of 1st period - Shot by Ivan Provorov.
9:13 of 1st period - Shot Misses the Net.
9:22 of 1st period - Icing by Jesper Bratt.
9:23 of 1st period - Luke Glendening wins face-off versus Nico Hischier in BUFFALO Sabres zone.
9:48 of 1st period - Icing by Jesper Bratt.
9:49 of 1st period - Nico Hischier wins face-off versus Kevin Hayes in BUFFALO Sabres zone.
9:51 of 1st period - Icing by Ivan Provorov.
9:52 of 1st period - Kevin Hayes wins face-off versus Nico Hischier in BUFFALO Sabres zone.
9:57 of 1st period - Shot by Kevin Hayes.
9:57 of 1st period - Stopped by Igor Shesterkin without a rebound.
9:58 of 1st period - Kevin Hayes wins face-off versus Jack Eichel in BUFFALO Sabres zone.
10:10 of 1st period - Icing by Ryan Graves.
10:11 of 1st period - Nick Bjugstad wins face-off versus Sidney Crosby in BUFFALO Sabres zone.
10:13 of 1st period - Icing by Jakob Chychrun.
10:14 of 1st period - Zach Hyman wins face-off versus Nick Bjugstad in BUFFALO Sabres zone.
10:17 of 1st period - Shot by Sidney Crosby.
10:17 of 1st period - Stopped by Igor Shesterkin without a rebound.
10:18 of 1st period - Ryan O'Reilly wins face-off versus Tage Thompson in BUFFALO Sabres zone.
10:27 of 1st period - Shot by Ryan O'Reilly.
10:27 of 1st period - Deflect By Alex Ovechkin.
10:27 of 1st period - Shot Blocked by Logan O'Connor.
11:11 of 1st period - Brett Kulak is hit by Alex Ovechkin and loses puck.
11:24 of 1st period - Shayne Gostisbehere is hit by Tage Thompson and loses puck.
11:49 of 1st period - Shot by Sidney Crosby.
11:49 of 1st period - Stopped by Igor Shesterkin without a rebound.
11:50 of 1st period - Nico Hischier wins face-off versus Kevin Hayes in BUFFALO Sabres zone.
12:02 of 1st period - T.J. Brodie is hit by Ivan Provorov and loses puck.
12:23 of 1st period - Shot by T.J. Brodie.
12:23 of 1st period - Stopped by Igor Shesterkin without a rebound.
12:24 of 1st period - Sidney Crosby wins face-off versus Jack Eichel in BUFFALO Sabres zone.
13:48 of 1st period - Shot by Seth Jones.
13:48 of 1st period - Shot Misses the Net.
13:59 of 1st period - Icing by Ivan Provorov.
14:00 of 1st period - Nico Hischier wins face-off versus Kevin Hayes in BUFFALO Sabres zone.
14:02 of 1st period - Icing by Jesper Bratt.
14:03 of 1st period - Kevin Hayes wins face-off versus Nico Hischier in BUFFALO Sabres zone.
14:03 of 1st period - T.J. Brodie is hit by Jonas Brodin and loses puck.
14:10 of 1st period - Jesper Bratt is hit by Kevin Hayes.
14:16 of 1st period - Shot by Kevin Hayes.
14:16 of 1st period - Shot Misses the Net.
15:00 of 1st period - Shot by Bryan Rust.
15:00 of 1st period - Stopped by Igor Shesterkin without a rebound.
15:01 of 1st period - Nick Bjugstad wins face-off versus Sidney Crosby in BUFFALO Sabres zone.
15:07 of 1st period - Minor Penalty to Colton Parayko for Tripping.
15:08 of 1st period - Jack Eichel wins face-off versus Luke Glendening in DETROIT Red Wings zone.
15:08 of 1st period - Jack Eichel is hit by Seth Jones.
15:38 of 1st period - Shot by Ryan Graves.
15:38 of 1st period - Shot Misses the Net.
16:04 of 1st period - Shot by Jonas Brodin.
16:04 of 1st period - Shot Misses the Net.
16:30 of 1st period - Shot by Jonas Brodin.
16:30 of 1st period - Stopped by John Gibson without a rebound.
16:31 of 1st period - Jack Eichel wins face-off versus Kevin Hayes in DETROIT Red Wings zone.
16:34 of 1st period - Shot by Tage Thompson.
16:34 of 1st period - Shot Misses the Net.
16:36 of 1st period - Shot by Ryan Graves.
16:36 of 1st period - Shot Misses the Net.
16:38 of 1st period - Shot by Valeri Nichushkin.
16:38 of 1st period - Shot Misses the Net.
16:44 of 1st period - Shot by Filip Hronek.
16:44 of 1st period - Goal by Filip Hronek - BUFFALO Sabres : 1 - DETROIT Red Wings : 2.
16:45 of 1st period - Nick Bjugstad wins face-off versus Sidney Crosby in neutral zone.
16:49 of 1st period - Minor Penalty to Nikita Zadorov for Delaying the game.
16:50 of 1st period - Nico Hischier wins face-off versus Luke Glendening in DETROIT Red Wings zone.
16:51 of 1st period - Shot by Jonas Brodin.
16:51 of 1st period - Stopped by John Gibson without a rebound.
16:52 of 1st period - Kevin Hayes wins face-off versus Alex Tuch in DETROIT Red Wings zone.
17:57 of 1st period - Shot by Tage Thompson.
17:57 of 1st period - Deflect By Jack Eichel.
17:57 of 1st period - Shot Misses the Net.
17:59 of 1st period - Shot by Ryan Graves.
17:59 of 1st period - Shot Blocked by T.J. Brodie.
18:11 of 1st period - Shot by Jack Eichel.
18:11 of 1st period - Stopped by John Gibson without a rebound.
18:12 of 1st period - Luke Glendening wins face-off versus Jack Eichel in DETROIT Red Wings zone.
18:12 of 1st period - Luke Glendening is hit by Tage Thompson.
18:24 of 1st period - Shot by Filip Hronek.
18:24 of 1st period - Shot Blocked by Colton Parayko.
18:26 of 1st period - Shot by Ryan Graves.
18:26 of 1st period - Stopped by John Gibson without a rebound.
18:27 of 1st period - Luke Glendening wins face-off versus Nico Hischier in DETROIT Red Wings zone.
18:55 of 1st period - Shot by Ryan O'Reilly.
18:55 of 1st period - Deflect By Alex Ovechkin.
18:55 of 1st period - Shot Misses the Net.
18:57 of 1st period - Shot by Shayne Gostisbehere.
18:57 of 1st period - Goal by Shayne Gostisbehere - BUFFALO Sabres : 1 - DETROIT Red Wings : 3.
18:58 of 1st period - Nick Bjugstad wins face-off versus Sidney Crosby in neutral zone.
19:14 of 1st period - Shot by Nick Bjugstad.
19:14 of 1st period - Goal by Nick Bjugstad - BUFFALO Sabres : 2 - DETROIT Red Wings : 3.
19:15 of 1st period - Ryan O'Reilly wins face-off versus Nico Hischier in neutral zone.
19:48 of 1st period - Shot by Jesper Bratt.
19:48 of 1st period - Shot Misses the Net.
19:54 of 1st period - Shot by Nico Hischier.
19:54 of 1st period - Stopped by John Gibson without a rebound.
19:55 of 1st period - Jack Eichel wins face-off versus Sidney Crosby in DETROIT Red Wings zone.
19:55 of 1st period - Jack Eichel is hit by Colton Parayko.
Goals for this period are 2 for BUFFALO Sabres vs 3 for DETROIT Red Wings.
Shots for this period are 13 for BUFFALO Sabres vs 13 for DETROIT Red Wings.

2nd period


0:01 of 2nd period - Jack Eichel wins face-off versus Sidney Crosby in neutral zone.
0:09 of 2nd period - Bryan Rust is hit by Alex Tuch and loses puck.
0:19 of 2nd period - Minor Penalty to Patrick Kane for Diving.
0:20 of 2nd period - Nico Hischier wins face-off versus Ryan O'Reilly in BUFFALO Sabres zone.
0:20 of 2nd period - Nico Hischier is hit by Josh Anderson.
0:39 of 2nd period - Jeff Petry is hit by Brett Kulak and loses puck.
0:44 of 2nd period - Shot by Jeff Petry.
0:44 of 2nd period - Shot Blocked by Brett Kulak.
0:46 of 2nd period - Shot by Shayne Gostisbehere.
0:46 of 2nd period - Stopped by Igor Shesterkin without a rebound.
0:47 of 2nd period - Sidney Crosby wins face-off versus Nico Hischier in BUFFALO Sabres zone.
0:54 of 2nd period - Shot by Zach Hyman.
0:54 of 2nd period - Shot Blocked by Jonas Brodin.
0:56 of 2nd period - Shot by Zach Hyman.
0:56 of 2nd period - Shot Misses the Net.
0:58 of 2nd period - Shot by Zach Hyman.
0:58 of 2nd period - Shot Misses the Net.
1:00 of 2nd period - Shot by Zach Hyman.
1:00 of 2nd period - Shot Misses the Net.
1:02 of 2nd period - Shot by Colton Parayko.
1:02 of 2nd period - Shot Misses the Net.
1:04 of 2nd period - Shot by Seth Jones.
1:04 of 2nd period - Stopped by Igor Shesterkin without a rebound.
1:05 of 2nd period - Ryan O'Reilly wins face-off versus Nico Hischier in BUFFALO Sabres zone.
1:23 of 2nd period - Shot by Josh Anderson.
1:23 of 2nd period - Deflect By Alex Ovechkin.
1:23 of 2nd period - Shot Blocked by Ryan Graves.
1:25 of 2nd period - Shot by Josh Anderson.
1:25 of 2nd period - Stopped by Igor Shesterkin with a rebound.
1:27 of 2nd period - Shot by Ryan O'Reilly.
1:27 of 2nd period - Stopped by Igor Shesterkin without a rebound.
1:28 of 2nd period - Sidney Crosby wins face-off versus Nick Bjugstad in BUFFALO Sabres zone.
2:04 of 2nd period - Shot by Sidney Crosby.
2:04 of 2nd period - Shot Misses the Net.
2:21 of 2nd period - Icing by Jonas Brodin.
2:22 of 2nd period - Ryan O'Reilly wins face-off versus Nick Bjugstad in BUFFALO Sabres zone.
2:22 of 2nd period - Ryan O'Reilly is hit by Filip Hronek.
2:40 of 2nd period - Nikita Zadorov is hit by Curtis Lazar.
2:58 of 2nd period - Shot by Mason McTavish.
2:58 of 2nd period - Shot Blocked by Nikita Zadorov.
3:30 of 2nd period - Shot by Jack Eichel.
3:30 of 2nd period - Deflect By Alex Tuch.
3:30 of 2nd period - Shot Hit the Post.
3:32 of 2nd period - Shot by Jack Eichel.
3:32 of 2nd period - Shot Misses the Net.
3:46 of 2nd period - Shot by Alex Tuch.
3:46 of 2nd period - Stopped by John Gibson without a rebound.
3:47 of 2nd period - Nico Hischier wins face-off versus Sidney Crosby in DETROIT Red Wings zone.
3:50 of 2nd period - Shot by Nico Hischier.
3:50 of 2nd period - Stopped by John Gibson with a rebound.
4:30 of 2nd period - Icing by Valeri Nichushkin.
4:31 of 2nd period - Luke Glendening wins face-off versus Nico Hischier in BUFFALO Sabres zone.
4:31 of 2nd period - Jeff Petry is hit by Jakob Chychrun and loses puck.
4:35 of 2nd period - Minor Penalty to Jesper Bratt for Holding.
4:36 of 2nd period - Sidney Crosby wins face-off versus Nico Hischier in BUFFALO Sabres zone.
4:58 of 2nd period - Icing by Shayne Gostisbehere.
4:59 of 2nd period - Nico Hischier wins face-off versus Sidney Crosby in DETROIT Red Wings zone.
5:05 of 2nd period - Off-side.
5:06 of 2nd period - Nico Hischier wins face-off versus Ryan O'Reilly in neutral zone.
5:06 of 2nd period - Nico Hischier is hit by Alex Ovechkin.
5:55 of 2nd period - Brett Kulak is hit by Josh Anderson and loses puck.
6:20 of 2nd period - Icing by Sidney Crosby.
6:21 of 2nd period - Nick Bjugstad wins face-off versus Sidney Crosby in DETROIT Red Wings zone.
6:30 of 2nd period - Bryan Rust is hit by Logan O'Connor and loses puck.
7:07 of 2nd period - Icing by T.J. Brodie.
7:08 of 2nd period - Kevin Hayes wins face-off versus Nick Bjugstad in DETROIT Red Wings zone.
7:19 of 2nd period - Shot by Kevin Hayes.
7:19 of 2nd period - Shot Hit the Post.
7:56 of 2nd period - Icing by Colton Parayko.
7:57 of 2nd period - Sidney Crosby wins face-off versus Nico Hischier in DETROIT Red Wings zone.
7:57 of 2nd period - Zach Hyman is hit by Nico Hischier and loses puck.
8:09 of 2nd period - Nico Hischier is hit by Seth Jones and loses puck.
8:25 of 2nd period - Jesper Bratt is hit by Seth Jones and loses puck.
8:28 of 2nd period - Shot by Nico Hischier.
8:28 of 2nd period - Shot Misses the Net.
8:56 of 2nd period - Shot by Ryan Graves.
8:56 of 2nd period - Shot Misses the Net.
8:58 of 2nd period - Shot by Ryan Graves.
8:58 of 2nd period - Deflect By Alex Tuch.
8:58 of 2nd period - Shot Blocked by Colton Parayko.
9:25 of 2nd period - Minor Penalty to Seth Jones for Slashing.
9:26 of 2nd period - Kevin Hayes wins face-off versus Valeri Nichushkin in DETROIT Red Wings zone.
9:33 of 2nd period - Icing by Valeri Nichushkin.
9:34 of 2nd period - Jack Eichel wins face-off versus Kevin Hayes in BUFFALO Sabres zone.
10:22 of 2nd period - Shot by Ryan Graves.
10:22 of 2nd period - Stopped by John Gibson with a rebound.
10:24 of 2nd period - Shot by Ryan Graves.
10:24 of 2nd period - Shot Blocked by Nikita Zadorov.
11:31 of 2nd period - Shot by Nick Bjugstad.
11:31 of 2nd period - Stopped by John Gibson without a rebound.
11:32 of 2nd period - Nick Bjugstad wins face-off versus Ryan O'Reilly in DETROIT Red Wings zone.
11:32 of 2nd period - Nick Bjugstad is hit by Colton Parayko.
11:41 of 2nd period - Mason McTavish is hit by Seth Jones and loses puck.
11:57 of 2nd period - Minor Penalty to Nick Bjugstad for Roughing.
11:58 of 2nd period - Sidney Crosby wins face-off versus Nico Hischier in BUFFALO Sabres zone.
12:21 of 2nd period - Shot by Zach Hyman.
12:21 of 2nd period - Deflect By Sidney Crosby.
12:21 of 2nd period - Shot Misses the Net.
12:23 of 2nd period - Shot by Zach Hyman.
12:23 of 2nd period - Shot Misses the Net.
13:15 of 2nd period - Ivan Provorov is hit by Alex Ovechkin.
13:34 of 2nd period - Nico Hischier is hit by Seth Jones and loses puck.
13:43 of 2nd period - Shot by Nico Hischier.
13:43 of 2nd period - Shot Misses the Net.
13:45 of 2nd period - Shot by Ivan Provorov.
13:45 of 2nd period - Shot Blocked by Colton Parayko.
13:47 of 2nd period - Shot by Jonas Brodin.
13:47 of 2nd period - Deflect By Nico Hischier.
13:47 of 2nd period - Stopped by John Gibson without a rebound.
13:48 of 2nd period - Curtis Lazar wins face-off versus Sidney Crosby in DETROIT Red Wings zone.
13:48 of 2nd period - Ryan Graves is hit by Jeff Petry and loses puck.
16:01 of 2nd period - Alex Ovechkin is hit by Nico Hischier and loses puck.
16:32 of 2nd period - Shot by Jesper Bratt.
16:32 of 2nd period - Shot Blocked by Ryan O'Reilly.
16:42 of 2nd period - Shot by Jesper Bratt.
16:42 of 2nd period - Deflect By Nico Hischier.
16:42 of 2nd period - Shot Blocked by Josh Anderson.
17:24 of 2nd period - Colton Parayko is hit by Seth Jarvis and loses puck.
18:04 of 2nd period - Shot by Sidney Crosby.
18:04 of 2nd period - Stopped by Igor Shesterkin without a rebound.
18:05 of 2nd period - Jack Eichel wins face-off versus Luke Glendening in BUFFALO Sabres zone.
18:07 of 2nd period - Alex Tuch is hit by Danton Heinen and loses puck.
19:27 of 2nd period - Shot by Zach Hyman.
19:27 of 2nd period - Shot Misses the Net.
19:37 of 2nd period - Shot by Sidney Crosby.
19:37 of 2nd period - Stopped by Igor Shesterkin without a rebound.
19:38 of 2nd period - Tage Thompson wins face-off versus Kevin Hayes in BUFFALO Sabres zone.
Goals for this period are 0 for BUFFALO Sabres vs 0 for DETROIT Red Wings.
Shots for this period are 5 for BUFFALO Sabres vs 6 for DETROIT Red Wings.

3rd period


0:01 of 3rd period - Sidney Crosby wins face-off versus Nico Hischier in neutral zone.
0:07 of 3rd period - Sidney Crosby is hit by Jonas Brodin and loses puck.
0:09 of 3rd period - Minor Penalty to Jonas Brodin for Interference.
0:10 of 3rd period - Nico Hischier wins face-off versus Ryan O'Reilly in BUFFALO Sabres zone.
0:16 of 3rd period - Icing by Seth Jones.
0:17 of 3rd period - Ryan O'Reilly wins face-off versus Nico Hischier in DETROIT Red Wings zone.
0:44 of 3rd period - Shot by Nico Hischier.
0:44 of 3rd period - Shot Misses the Net.
0:46 of 3rd period - Shot by Logan O'Connor.
0:46 of 3rd period - Stopped by John Gibson without a rebound.
0:47 of 3rd period - Sidney Crosby wins face-off versus Nico Hischier in DETROIT Red Wings zone.
1:54 of 3rd period - Off-side.
1:55 of 3rd period - Ryan O'Reilly wins face-off versus Nick Bjugstad in neutral zone.
2:32 of 3rd period - Shot by Jakob Chychrun.
2:32 of 3rd period - Shot Misses the Net.
3:07 of 3rd period - Jakob Chychrun is hit by Colton Parayko and loses puck.
3:25 of 3rd period - Shot by Alex Ovechkin.
3:25 of 3rd period - Stopped by Igor Shesterkin without a rebound.
3:26 of 3rd period - Nico Hischier wins face-off versus Bryan Rust in BUFFALO Sabres zone.
3:30 of 3rd period - Minor Penalty to Nico Hischier for Hooking.
3:31 of 3rd period - Sidney Crosby wins face-off versus Nick Bjugstad in BUFFALO Sabres zone.
3:32 of 3rd period - Shot by Colton Parayko.
3:32 of 3rd period - Stopped by Igor Shesterkin without a rebound.
3:33 of 3rd period - Nick Bjugstad wins face-off versus Josh Anderson in BUFFALO Sabres zone.
3:33 of 3rd period - Nick Bjugstad is hit by Alex Ovechkin.
4:12 of 3rd period - Shot by Colton Parayko.
4:12 of 3rd period - Shot Misses the Net.
4:14 of 3rd period - Shot by Josh Anderson.
4:14 of 3rd period - Stopped by Igor Shesterkin without a rebound.
4:15 of 3rd period - Sidney Crosby wins face-off versus Nick Bjugstad in BUFFALO Sabres zone.
4:28 of 3rd period - Shot by Sidney Crosby.
4:28 of 3rd period - Stopped by Igor Shesterkin without a rebound.
4:29 of 3rd period - Sidney Crosby wins face-off versus Nick Bjugstad in BUFFALO Sabres zone.
4:44 of 3rd period - Shot by Shayne Gostisbehere.
4:44 of 3rd period - Stopped by Igor Shesterkin with a rebound.
4:46 of 3rd period - Shot by Shayne Gostisbehere.
4:46 of 3rd period - Stopped by Igor Shesterkin without a rebound.
4:47 of 3rd period - Ryan O'Reilly wins face-off versus Curtis Lazar in BUFFALO Sabres zone.
4:50 of 3rd period - Shot by Alex Ovechkin.
4:50 of 3rd period - Shot Hit the Post.
5:06 of 3rd period - Shot by Colton Parayko.
5:06 of 3rd period - Deflect By Josh Anderson.
5:06 of 3rd period - Stopped by Igor Shesterkin with a rebound.
5:08 of 3rd period - Shot by Josh Anderson.
5:08 of 3rd period - Shot Misses the Net.
5:10 of 3rd period - Shot by Ryan O'Reilly.
5:10 of 3rd period - Shot Misses the Net.
5:18 of 3rd period - Shot by Colton Parayko.
5:18 of 3rd period - Shot Misses the Net.
5:20 of 3rd period - Shot by Colton Parayko.
5:20 of 3rd period - Stopped by Igor Shesterkin without a rebound.
5:21 of 3rd period - Sidney Crosby wins face-off versus Nick Bjugstad in BUFFALO Sabres zone.
5:46 of 3rd period - Shot by Jesper Bratt.
5:46 of 3rd period - Shot Misses the Net.
6:07 of 3rd period - Icing by Shayne Gostisbehere.
6:08 of 3rd period - Luke Glendening wins face-off versus Jack Eichel in DETROIT Red Wings zone.
6:08 of 3rd period - Luke Glendening is hit by Patrick Kane.
6:22 of 3rd period - Shot by Trevor Lewis.
6:22 of 3rd period - Stopped by Igor Shesterkin without a rebound.
6:23 of 3rd period - Sidney Crosby wins face-off versus Tage Thompson in BUFFALO Sabres zone.
6:26 of 3rd period - Shot by Zach Hyman.
6:26 of 3rd period - Stopped by Igor Shesterkin without a rebound.
6:27 of 3rd period - Nico Hischier wins face-off versus Sidney Crosby in BUFFALO Sabres zone.
6:27 of 3rd period - Nico Hischier is hit by Bryan Rust.
6:51 of 3rd period - Shot by Zach Hyman.
6:51 of 3rd period - Deflect By Bryan Rust.
6:51 of 3rd period - Stopped by Igor Shesterkin without a rebound.
6:52 of 3rd period - Jack Eichel wins face-off versus Ryan O'Reilly in BUFFALO Sabres zone.
6:52 of 3rd period - Ryan Graves is hit by Josh Anderson and loses puck.
6:58 of 3rd period - Icing by Ryan Graves.
6:59 of 3rd period - Ryan O'Reilly wins face-off versus Jack Eichel in BUFFALO Sabres zone.
7:02 of 3rd period - Shot by Josh Anderson.
7:02 of 3rd period - Shot Hit the Post.
7:05 of 3rd period - Minor Penalty to Josh Anderson for Roughing.
7:06 of 3rd period - Nico Hischier wins face-off versus Kevin Hayes in DETROIT Red Wings zone.
7:11 of 3rd period - Shot by Ivan Provorov.
7:11 of 3rd period - Stopped by John Gibson without a rebound.
7:12 of 3rd period - Kevin Hayes wins face-off versus Nico Hischier in DETROIT Red Wings zone.
7:12 of 3rd period - Kevin Hayes is hit by Jesper Bratt.
7:26 of 3rd period - Shot by Ivan Provorov.
7:26 of 3rd period - Stopped by John Gibson without a rebound.
7:27 of 3rd period - Jack Eichel wins face-off versus Kevin Hayes in DETROIT Red Wings zone.
7:27 of 3rd period - Jack Eichel is hit by Nikita Zadorov.
7:55 of 3rd period - Icing by Filip Hronek.
7:56 of 3rd period - Jack Eichel wins face-off versus Luke Glendening in BUFFALO Sabres zone.
7:56 of 3rd period - Jack Eichel is hit by Trevor Lewis.
8:41 of 3rd period - Shot by Ivan Provorov.
8:41 of 3rd period - Shot Blocked by T.J. Brodie.
8:43 of 3rd period - Shot by Jonas Brodin.
8:43 of 3rd period - Shot Misses the Net.
8:45 of 3rd period - Shot by Alex Tuch.
8:45 of 3rd period - Stopped by John Gibson without a rebound.
8:46 of 3rd period - Nico Hischier wins face-off versus Luke Glendening in DETROIT Red Wings zone.
8:51 of 3rd period - Shot by Alex Tuch.
8:51 of 3rd period - Shot Misses the Net.
8:53 of 3rd period - Shot by Ivan Provorov.
8:53 of 3rd period - Stopped by John Gibson without a rebound.
8:54 of 3rd period - Nico Hischier wins face-off versus Luke Glendening in DETROIT Red Wings zone.
9:27 of 3rd period - Nick Bjugstad is hit by Bryan Rust and loses puck.
9:34 of 3rd period - Shot by Bryan Rust.
9:34 of 3rd period - Stopped by Igor Shesterkin without a rebound.
9:35 of 3rd period - Josh Anderson wins face-off versus Nico Hischier in BUFFALO Sabres zone.
9:42 of 3rd period - Shot by Nico Hischier.
9:42 of 3rd period - Shot Blocked by Ryan O'Reilly.
9:46 of 3rd period - Shot by Nico Hischier.
9:46 of 3rd period - Shot Misses the Net.
9:48 of 3rd period - Shot by Ivan Provorov.
9:48 of 3rd period - Shot Misses the Net.
9:52 of 3rd period - Shot by Valeri Nichushkin.
9:52 of 3rd period - Stopped by John Gibson without a rebound.
9:53 of 3rd period - Jack Eichel wins face-off versus Kevin Hayes in DETROIT Red Wings zone.
10:00 of 3rd period - Shot by Patrick Kane.
10:00 of 3rd period - Shot Misses the Net.
10:06 of 3rd period - Kevin Hayes is hit by Alex Tuch and loses puck.
10:34 of 3rd period - Shot by Travis Boyd.
10:34 of 3rd period - Shot Blocked by Filip Hronek.
10:36 of 3rd period - Shot by Colton Parayko.
10:36 of 3rd period - Stopped by Igor Shesterkin with a rebound.
11:41 of 3rd period - Shot by Valeri Nichushkin.
11:41 of 3rd period - Stopped by John Gibson without a rebound.
11:42 of 3rd period - Ryan O'Reilly wins face-off versus Tage Thompson in DETROIT Red Wings zone.
11:47 of 3rd period - Shot by Seth Jarvis.
11:47 of 3rd period - Shot Misses the Net.
13:06 of 3rd period - Off-side.
13:07 of 3rd period - Sidney Crosby wins face-off versus Jack Eichel in neutral zone.
13:30 of 3rd period - Shot by Sidney Crosby.
13:30 of 3rd period - Stopped by Igor Shesterkin without a rebound.
13:31 of 3rd period - Luke Glendening wins face-off versus Nico Hischier in BUFFALO Sabres zone.
13:43 of 3rd period - Colton Parayko is hit by Nico Hischier.
13:59 of 3rd period - Shot by Jesper Bratt.
13:59 of 3rd period - Stopped by John Gibson without a rebound.
14:00 of 3rd period - Sidney Crosby wins face-off versus Jack Eichel in DETROIT Red Wings zone.
14:21 of 3rd period - Ryan Graves is hit by Sidney Crosby and loses puck.
14:41 of 3rd period - Minor Penalty to Zach Hyman for Roughing.
14:42 of 3rd period - Kevin Hayes wins face-off versus Nico Hischier in DETROIT Red Wings zone.
16:07 of 3rd period - Shot by Filip Hronek.
16:07 of 3rd period - Stopped by John Gibson without a rebound.
16:08 of 3rd period - Luke Glendening wins face-off versus Jack Eichel in DETROIT Red Wings zone.
16:19 of 3rd period - Shot by T.J. Brodie.
16:19 of 3rd period - Stopped by Igor Shesterkin with a rebound.
16:33 of 3rd period - Shot by Jack Eichel.
16:33 of 3rd period - Deflect By Tage Thompson.
16:33 of 3rd period - Shot Misses the Net.
16:35 of 3rd period - Shot by Valeri Nichushkin.
16:35 of 3rd period - Stopped by John Gibson without a rebound.
16:36 of 3rd period - Kevin Hayes wins face-off versus Nico Hischier in DETROIT Red Wings zone.
18:10 of 3rd period - Shot by Valeri Nichushkin.
18:10 of 3rd period - Shot Misses the Net.
18:12 of 3rd period - Shot by Nico Hischier.
18:12 of 3rd period - Stopped by John Gibson with a rebound.
18:14 of 3rd period - Shot by Ryan Graves.
18:14 of 3rd period - Stopped by John Gibson without a rebound.
18:15 of 3rd period - Tage Thompson wins face-off versus Kevin Hayes in DETROIT Red Wings zone.
18:15 of 3rd period - Tage Thompson is hit by Shayne Gostisbehere.
18:19 of 3rd period - Shot by Tage Thompson.
18:19 of 3rd period - Shot Blocked by Travis Boyd.
18:21 of 3rd period - Shot by Seth Jarvis.
18:21 of 3rd period - Stopped by John Gibson without a rebound.
18:22 of 3rd period - Ryan O'Reilly wins face-off versus Tage Thompson in DETROIT Red Wings zone.
18:31 of 3rd period - Shot by Nikita Zadorov.
18:31 of 3rd period - Stopped by Igor Shesterkin without a rebound.
18:32 of 3rd period - Jack Eichel wins face-off versus Ryan O'Reilly in BUFFALO Sabres zone.
19:30 of 3rd period - Off-side.
19:31 of 3rd period - Nico Hischier wins face-off versus Sidney Crosby in neutral zone.
Goals for this period are 0 for BUFFALO Sabres vs 0 for DETROIT Red Wings.
Shots for this period are 13 for BUFFALO Sabres vs 16 for DETROIT Red Wings. Output by the SimonT Hockey Simulator (STHS) for Martin Benoit - Original Page W3C HTML5 Valid
Hockey Simulator - Hockey Simulation - Hockey Manager